 Dungeon Crawl Stone Soup version 0.27.1-1-g398f81649c (webtiles) character file.

Game seed: 8083298521567926296

321 Rickety the Sneak (level 6, -1/29 HPs)
             Began as a Spriggan Enchanter on Sept 14, 2021.
             Slain by Grinder (3 damage)
             ... on level 3 of the Dungeon.
             The game lasted 00:15:01 (5048 turns).

Rickety the Sneak (Spriggan Enchanter)              Turns: 5048, Time: 00:15:01

Health: -1/29      AC:  2    Str:  4    XL:     6   Next: 22%
Magic:  9/12       EV: 19    Int: 17    God:
Gold:   106        SH:  5    Dex: 23    Spells: 3/12 levels left

rFire    . . .     SeeInvis +   a - +2 dagger (speed)
rCold    . . .     Faith    .   (shield restricted)
rNeg     . . .     Spirit   .   i - +0 robe
rPois    .         Reflect  +   (helmet restricted)
rElec    .         Harm     .   (no cloak)
rCorr    .         Rampage  .   (gloves unavailable)
Will     +....                  (boots unavailable)
Stlth    ++++......             q - amulet of reflection
HPRegen  0.09/turn              j - +6 ring of dexterity
MPRegen  0.13/turn              (no ring)

@: confusing by touch, very quick
A: very small, no large weapons, unfitting armour, see invisible, speed 3
a: no special abilities


You were on level 3 of the Dungeon.
You visited 1 branch of the dungeon, and saw 3 of its levels.

You collected 106 gold pieces.

Inventory:

Hand Weapons
 a - a +2 dagger of speed (weapon)
 b - a +0 vampiric dagger
 s - a +1 dagger
Missiles
 l - 7 poisoned darts
 n - 5 curare-tipped darts
Armour
 f - +0 fire dragon scales
 i - a +0 robe (worn)
Jewellery
 j - a +6 ring of dexterity (left hand)
 q - an amulet of reflection (around neck)
Wands
 h - a wand of iceblast (4)
Scrolls
 g - 3 scrolls of magic mapping {unknown}
 k - 3 scrolls of identify {unknown}
 o - a scroll of enchant weapon {unknown}
 r - a scroll of fog {unknown}
 t - a scroll of teleportation {unknown}
Potions
 c - 2 potions of heal wounds {unknown}
 d - 3 potions of curing {unknown}
 e - 2 potions of mutation {unknown}
 m - 2 potions of invisibility {unknown}
 p - a potion of flight {unknown}


   Skills:
 + Level 0.6 Fighting
 + Level 1.8 Short Blades
 + Level 3.3 Dodging
 * Level 7.5 Stealth
 + Level 3.7 Spellcasting
 + Level 5.0 Hexes
 + Level 1.5 Ice Magic


You had 3 spell levels left.
You knew the following spells:

 Your Spells              Type           Power      Damage    Failure   Level
a - Corona                Hex            22%        N/A       1%          1
b - Ensorcelled Hibernat  Hex/Ice        28%        N/A       6%          2
c - Confusing Touch       Hex            20%        N/A       6%          3
t - Tukima's Dance        Hex            20%        N/A       6%          3

Your spell library contained the following spells:

 Spells                   Type           Power      Damage    Failure   Level
 Magic Dart               Conj           12%        1d3       16%         1
 Dazzling Flash           Conj/Hex       22%        N/A       17%         3
 Searing Ray              Conj           6%         3d3       24%         2
 Fulminant Prism          Conj/Hex       5%         3d7       50%         4
 Iskenderun's Mystic Bla  Conj/Tloc      3%         2d3       85%         4
 Starburst                Conj/Fire      1%         6d3       100%        6


Dungeon Overview and Level Annotations

Branches:
Dungeon (3/15)

Altars:
Uskayaw

Annotations:
D:3 Grinder


Innate Abilities, Weirdness & Mutations

You are very small and have problems with some larger weapons.
You are too small for most types of armour.
You have supernaturally acute eyesight. (SInv)
You cover ground extremely quickly. (Speed+++)


Message History

Found a mace.
No target in view!
A bat comes into view.
The helpless goblin fails to defend itself.
You skewer the goblin like a kebab!!!
You kill the goblin!
The helpless bat fails to defend itself.
You spit the bat like a pig!!!
You kill the bat!
There is an open door here.
Items here: ( ))) [[[ ††.
Grinder comes into view.
Grinder shouts!
Casting: Ensorcelled Hibernation (safe; 6% risk of failure)
Confirm with . or Enter, or press ? or * to list all spells.
You can't see any susceptible monsters within range! (Use Z to cast anyway.) Unknown command.
Casting: Ensorcelled Hibernation (safe; 6% risk of failure)
Confirm with . or Enter, or press ? or * to list all spells.
The spell is quite dangerous to cast (6% risk of failure)!
Continue anyway?
Aiming: Tukima's Dance (quite dangerous; 6% risk of failure)
Press: ? - help, Shift-Dir - straight line, f - you
Okay, then.
Unknown command.
Casting: Tukima's Dance (quite dangerous; 6% risk of failure)
Confirm with . or Enter, or press ? or * to list all spells.
The spell is quite dangerous to cast (6% risk of failure)!
Continue anyway?
Your hands begin to glow red.
Grinder gestures at you.
You easily resist.
Found a stone staircase leading down.
You hit Grinder but do no damage. Grinder hits you but does no damage.
You hit Grinder but do no damage. Grinder hits you.
You hit Grinder but do no damage. You hit Grinder but do no damage.
Grinder hits you!
You writhe in agony.
You are too injured to fight recklessly!
You hit Grinder but do no damage. Grinder hits you!
* * * LOW HITPOINT WARNING * * *
You writhe in agony.
You die...

#### ..# # #.# # #.
#.####.#
###.#######......##.
............@5...>..
##.....########...#
#.....##.. #
#.....##.#
#......#.#
#.#######.#.#### ###
#... #.......# #.##
#..# ####.##.# #..#
#..# #...##.# #..#


You could see Grinder.

Vanquished Creatures
  An orc priest (D:3)
  Jessica (D:2)
  Terence (D:2)
  Natasha (thrice) (D:2)
  Robin (D:2)
  3 gnolls (D:2)
  4 adders (D:2)
  A dart slug (D:1)
  7 orcs
  4 endoplasms
  2 giant cockroaches
  12 goblins
  7 hobgoblins
  10 kobolds
  10 ball pythons
  7 bats
  5 rats
79 creatures vanquished.

Vanquished Creatures (collateral kills)
  A gnoll (D:2)
  An adder (D:2)
  3 orcs (D:3)
  A giant cockroach (D:3)
  A kobold (D:2)
  A rat (D:3)
8 creatures vanquished.

Vanquished Creatures (others)
  2 dancing weapons
2 creatures vanquished.

Grand Total: 89 creatures vanquished

Notes
Turn   | Place    | Note
-------+----------+-------------------------------------------
     0 | D:1      | Rickety the Spriggan Enchanter began the quest for the Orb.
     0 | D:1      | Reached XP level 1. HP: 9/9 MP: 5/5
   515 | D:1      | Reached XP level 2. HP: 10/13 MP: 4/6
   518 | D:1      | Learned a level 2 spell: Ensorcelled Hibernation
  1317 | D:2      | Noticed Terence
  1786 | D:2      | Noticed Jessica
  1789 | D:2      | Killed Jessica
  1790 | D:2      | Reached skill level 5 in Stealth
  1790 | D:2      | Reached XP level 3. HP: 17/17 MP: 5/8
  1815 | D:2      | Learned a level 3 spell: Confusing Touch
  2164 | D:2      | Reached XP level 4. HP: 21/21 MP: 6/9
  2169 | D:2      | Learned a level 3 spell: Tukima's Dance
  2254 | D:2      | Reached skill level 6 in Stealth
  2257 | D:2      | Noticed Robin
  2274 | D:2      | Killed Robin
  2563 | D:2      | Found a hide-covered altar of Uskayaw.
  2694 | D:2      | Killed Terence
  2695 | D:2      | Reached skill level 1 in Ice Magic
  2695 | D:2      | Reached XP level 5. HP: 25/25 MP: 4/11
  2872 | D:2      | Noticed Natasha
  2875 | D:2      | Killed Natasha
  2876 | D:2      | Reached skill level 7 in Stealth
  2958 | D:2      | Noticed Natasha
  3615 | D:2      | Killed Natasha
  3968 | D:2      | Noticed Natasha
  3974 | D:2      | Killed Natasha
  4048 | D:3      | Reached skill level 5 in Hexes
  4048 | D:3      | Reached XP level 6. HP: 25/29 MP: 6/12
  5038 | D:3      | Noticed Grinder
  5048 | D:3      | Slain by Grinder

Illustrated notes

Levels and vault maps discovered:
D:1:      wheals_arrival_shading, layout_basic
D:2:      layout_loops_ring, hangedman_feature_mirror, minmay_hexomino_r4,
          uniq_jessica, uniq_robin, uniq_natasha, uniq_terence
D:3:      layout_basic, shapermc_ecumenical_altar_ellora,
          kennysheep_minor_cross, uniq_grinder

Skill      XL: |  1  2  3  4  5 |
---------------+----------------+-----
Spellcasting   | 3 |  3.7
Hexes          | 4 5 |  5.0
Stealth        | 5 6 7 |  7.5
Ice Magic      | 1 |  1.5
Dodging        | 3 |  3.3
Fighting       | |  0.6
Short Blades   | |  1.8

Action                   |  1- 3 |  4- 6 || total
-------------------------+-------+-------++-------
Melee: Dagger            |    57 |   167 ||   224
 Cast: Corona            |     7 |       ||     7
       Ensorcelled Hiber |    24 |    54 ||    78
       Tukima's Dance    |       |    12 ||    12
       Confusing Touch   |       |     4 ||     4
 Stab: Sleeping          |    19 |    33 ||    52
       Confused          |       |     3 ||     3
       Distracted        |       |     2 ||     2
Armor: Robe              |     3 |    20 ||    23
       Fire dragon scale |     1 |       ||     1
Dodge: Dodged            |    38 |   148 ||   186
Block: Other             |       |    11 ||    11
